 Dungeon Crawl Stone Soup version 0.27.1 (webtiles) character file.

Game seed: 421490202661514525

3200 Thatpatchoflichen the Frost Mage (level 9, -1/78 HPs)
             Began as a Yellow Draconian Ice Elementalist on Aug 29, 2021.
             Killed from afar by an electric eel (12 damage)
             ... with a bolt of electricity
             ... on level 7 of the Dungeon on Aug 31, 2021.
             The game lasted 00:32:15 (11189 turns).

Thatpatchoflichen the Frost Mage (DrIE)            Turns: 11189, Time: 00:32:16

Health: -1/78      AC:  7    Str: 10    XL:     9   Next: 64%
Magic:  15/15      EV: 14    Int: 19    God:
Gold:   469        SH:  0    Dex: 12    Spells: 6/16 levels left

rFire    . . .     SeeInvis .   t - +1 dagger (speed)
rCold    . . .     Faith    .   (no shield)
rNeg     . . .     Spirit   .   (armour unavailable)
rPois    .         Reflect  .   (helmet restricted)
rElec    .         Harm     .   (no cloak)
rCorr    +         Rampage  .   (no gloves)
Will     .....                  (no boots)
Stlth    ++........             (no amulet)
HPRegen  0.23/turn              G - +4 ring of slaying
MPRegen  0.14/turn              (no ring)

@: no status effects
A: spit acid, AC +7, unfitting armour, cold-blooded, acid resistance
a: Breathe Acid


You were on level 7 of the Dungeon.
You visited 1 branch of the dungeon, and saw 7 of its levels.
You also visited: Ossuary.

You collected 469 gold pieces.

Inventory:

Hand Weapons
 t - a +1 dagger of speed (weapon)
Missiles
 c - 168 arrows
 d - 135 stones
 e - 17 poisoned darts
 h - 2 javelins
 i - 2 throwing nets
 k - 2 boomerangs
 l - 27 sling bullets
 A - 19 bolts
Jewellery
 y - a ring of fire
 G - a +4 ring of slaying (left hand)
 O - a ring of ice
Wands
 u - a wand of iceblast (7)
 N - a wand of digging (6)
Scrolls
 f - 3 scrolls of brand weapon {unknown}
 j - 7 scrolls of teleportation {unknown}
 m - 4 scrolls of identify {unknown}
 n - 3 scrolls of enchant weapon {unknown}
 q - a scroll of enchant armour {unknown}
 v - a scroll of summoning {unknown}
 z - 2 scrolls of fear {unknown}
 B - 2 scrolls of amnesia {unknown}
 D - 2 scrolls of fog {unknown}
 E - 4 scrolls of torment {unknown}
 I - a scroll of blinking {unknown}
 K - a scroll of immolation {unknown}
 L - a scroll of magic mapping {unknown}
 M - a scroll of vulnerability {unknown}
Potions
 a - 3 potions of lignification {unknown}
 b - 2 potions of heal wounds {unknown}
 g - 2 potions of attraction {unknown}
 o - 5 potions of curing {unknown}
 p - a potion of brilliance {unknown}
 r - 3 potions of might {unknown}
 s - 4 potions of magic {unknown}
 w - a potion of degeneration {unknown}
 x - 3 potions of flight {unknown}
 C - 2 potions of ambrosia {unknown}
 F - a potion of berserk rage {unknown}
 H - a potion of invisibility
 J - 2 potions of haste {unknown}


   Skills:
 + Level 6.4 Fighting
 + Level 6.3 Dodging
 - Level 1.7 Stealth
 + Level 4.4 Spellcasting
 - Level 6.0 Transmutations
 - Level 8.0 Ice Magic


You had 6 spell levels left.
You knew the following spells:

 Your Spells              Type           Power      Damage    Failure   Level
a - Freeze                Ice            100%       1d11      1%          1
b - Frozen Ramparts       Ice            68%        1d8       1%          3
c - Ozocubu's Armour      Ice            34%        N/A       1%          3
d - Beastly Appendage     Tmut           54%        N/A       1%          1
e - Wereblood             Tmut           27%        N/A       1%          2

Your spell library contained the following spells:

 Spells                   Type           Power      Damage    Failure   Level
 Spider Form              Tmut/Pois      7%         N/A       12%         3
 Hailstorm                Conj/Ice       19%        3d6       26%         4
 Petrify                  Tmut/Erth      15%        N/A       36%         4
 Metabolic Englaciation   Hex/Ice        9%         N/A       56%         5
 Statue Form              Tmut/Erth      10%        N/A       99%         6


Dungeon Overview and Level Annotations

Branches:
Dungeon (7/15)            Ossuary (visited)
 Temple: D:4-7

Altars:
Dithmenos
Elyvilon
Kikubaaqudgha
Qazlal
Vehumet
Wu Jian
Beogh

Shops:
D:6 :   D:7 :


Innate Abilities, Weirdness & Mutations

You can spit globs of acid.
Your golden yellow scales are hard. (AC +7)
You cannot fit into any form of body armour.
You are cold-blooded and may be slowed by cold attacks.
You are resistant to acid. (rCorr)


Message History

You closely miss the howler monkey.
The howler monkey is moderately wounded.
The howler monkey closely misses you.
Your unstable footing causes you to fumble your attack.
The howler monkey hits you but does no damage.
Your unstable footing causes you to fumble your attack.
The howler monkey closely misses you.
You puncture the howler monkey! You tail-slap the howler monkey.
The howler monkey is almost dead.
The howler monkey hits you but does no damage.
You hit the howler monkey.
You kill the howler monkey!
You see here a howler monkey corpse.
You open the door.
The electric eel shoots out a bolt of lightning at you!
The bolt of electricity hits the plant!
The plant begins to die.
The bolt of electricity hits you!
The electric eel shoots out a bolt of lightning at you!
The bolt of electricity hits the plant!
The bolt of electricity hits you!
The electric eel shoots out a bolt of lightning at you!
The bolt of electricity hits the plant.
The bolt of electricity hits you.
The electric eel shoots out a bolt of lightning at you!
The bolt of electricity hits the plant!
The bolt of electricity hits you!
The electric eel shoots out a bolt of lightning at you!
The bolt of electricity hits the electric eel.
The electric eel completely resists.
The bolt of electricity hits you!
The electric eel shoots out a bolt of lightning at you!
The bolt of electricity hits you!
The electric eel shoots out a bolt of lightning at you!
The bolt of electricity misses you.
The electric eel shoots out a bolt of lightning at you!
The bolt of electricity hits you!
* * * LOW HITPOINT WARNING * * *
There is an open door here.
The electric eel shoots out a bolt of lightning at you!
The bolt of electricity hits the electric eel.
The electric eel completely resists.
The bolt of electricity hits the electric eel.
The electric eel completely resists.
The bolt of electricity hits you!
You die...

.#....._...#..'...≈## #....#.
.#.........#..#####≈#######....#.
.#.........#.##≈≈≈##≈)...####'##.
.#....#....#.#≈≈?≈≈######≈##..###
.#....#....#.#!$≈$;##≈;≈##†#...'.
.#....#....#.#.PP;.#≈≈(;≈#≈#...#.
.'....#....#.#≈≈.;.#..?.≈#≈#...#.
.#....# ...#.#.....#?..P≈#≈#..###
##....# ..#.#..@..#PP..P#.#..##.
#....#########'..##.....#.#..#..
#....#....##..##### #.#..#..
#....'....###..†≈≈##+ ##.#..#..
#....#....+.#####≈..####≈##..'..
##....####+#.....###...≈≈##'####.
....### #.<....... #######...###.
....# #......... #......... ....#
#......... #.........


You could see 3 electric eels.

Vanquished Creatures
  Pikel (D:6)
  Prince Ribbit (D:6)
  A water moccasin (D:6)
  A necrophage (D:6)
  6 ogres
  A centaur (D:7)
  2 phantoms
  2 lemures (D:6)
  A bullfrog (D:7)
  8 scorpions
  A howler monkey (D:7)
  3 centaur zombies
  A human zombie (Ossuary)
  5 hounds
  2 jellies
  A centaur skeleton (D:7)
  4 orc priests
  A bullfrog skeleton (D:5)
  An iguana (D:5)
  Terence (D:2)
  4 orc wizards
  3 scorpion zombies (Ossuary)
  A hound zombie (D:5)
  4 mummies
  A howler monkey skeleton (D:7)
  15 adders
  3 gnolls
  A white imp (D:6)
  An ufetubus (D:6)
  2 worms
  3 dart slugs
  19 orcs
  7 endoplasms
  4 giant cockroaches
  A gnoll zombie (Ossuary)
  7 goblins
  3 hobgoblins (D:2)
  4 jackals
  4 quokkas (D:1)
  5 ball pythons
  3 bats
  9 frilled lizards
  3 goblin zombies (Ossuary)
  3 hobgoblin zombies (Ossuary)
  A jackal skeleton (D:4)
  4 kobolds
  2 kobold zombies (Ossuary)
  An orc zombie (Ossuary)
  5 rats
167 creatures vanquished.

Vanquished Creatures (others)
  A plant (D:7)
1 creature vanquished.

Grand Total: 168 creatures vanquished

Notes
Turn   | Place    | Note
-------+----------+-------------------------------------------
     0 | D:1      | Thatpatchoflichen the Draconian Ice Elementalist began the
                  | quest for the Orb.
     0 | D:1      | Reached XP level 1. HP: 14/14 MP: 3/3
   272 | D:1      | Reached XP level 2. HP: 19/20 MP: 0/5
   939 | D:1      | Reached XP level 3. HP: 25/26 MP: 3/6
   970 | D:1      | Learned a level 3 spell: Frozen Ramparts
  1524 | D:2      | Noticed Terence
  1540 | D:2      | Killed Terence
  1541 | D:2      | Reached XP level 4. HP: 2/33 MP: 0/8
  2478 | D:2      | Reached skill level 5 in Ice Magic
  2482 | D:2      | Learned a level 3 spell: Ozocubu's Armour
  2484 | D:2      | Learned a level 1 spell: Beastly Appendage
  2605 | D:2      | Reached XP level 5. HP: 38/38 MP: 5/9
  3132 | D:3      | Reached skill level 1 in Fighting
  4053 | D:3      | Reached XP level 6. HP: 28/48 MP: 4/11
  4177 | D:3      | Learned a level 2 spell: Wereblood
  4381 | D:3      | Found an ornate altar of the Wu Jian Council.
  5597 | D:4      | Your scales start taking on a golden yellow colour.
  5597 | D:4      | Reached XP level 7. HP: 48/57 MP: 6/13
  5597 | D:4      | Gained mutation: You are resistant to acid. (rCorr) [Yellow
                  | Draconian growth]
  5694 | D:5      | Entered Level 5 of the Dungeon
  5850 | D:5      | Reached skill level 1 in Transmutations
  6645 | D:5      | Reached skill level 6 in Ice Magic
  6926 | D:6      | Noticed Pikel
  6946 | D:6      | Killed Pikel
  6947 | D:6      | Reached XP level 8. HP: 47/67 MP: 5/14
  6949 | D:6      | Found Sosus's Book Shoppe.
  7118 | D:6      | Noticed Prince Ribbit
  7135 | D:6      | Killed Prince Ribbit
  7136 | D:6      | Reached skill level 5 in Fighting
  7161 | D:6      | Reached skill level 5 in Dodging
  7161 | D:6      | Reached skill level 7 in Ice Magic
  7328 | D:6      | Found a sand-covered staircase.
  7335 | Ossuary  | Entered an ossuary
  8196 | Ossuary  | Reached XP level 9. HP: 59/75 MP: 11/15
  8570 | Ossuary  | Reached skill level 8 in Ice Magic
  9393 | D:6      | Reached skill level 5 in Transmutations
  9979 | D:7      | Found a radiant altar of Vehumet.
  9981 | D:7      | Found a white marble altar of Elyvilon.
  9984 | D:7      | Found a stormy altar of Qazlal.
  9986 | D:7      | Found an ancient bone altar of Kikubaaqudgha.
  9986 | D:7      | Found a shadowy altar of Dithmenos.
 10855 | D:7      | Found Mobeypt's Book Emporium.
 11189 | D:7      | Killed from afar by an electric eel

Illustrated notes

Levels and vault maps discovered:
D:1:      wheals_arrival_shading, layout_rooms
D:2:      minmay_razor_zed, layout_basic, uniq_terence
D:3:      layout_loops_ring, mainiacjoe_overflow_chevrons, minivault_26,
          feat_on_display
D:4:      layout_gridville, kennysheep_orc_chapel
D:5:      layout_basic
D:6:      layout_basic, serial_shops, nicolae_shop_stone,
          gup_ossuary_entry_pyramid, chequers_serial_rivers_small_a, uniq_pikel,
          uniq_prince_ribbit1
D:7:      cheibrodos_two_vegetables, layout_gridville,
          grunt_temple_overflow_open, temple_green, serial_shops,
          kennysheep_mini

Skill      XL: |  1  2  3  4  5  6  7  8  9 |
---------------+----------------------------+-----
Dodging        | 2 3 4 5 6 |  6.3
Spellcasting   | 3 4 |  4.4
Ice Magic      | 5 6 7 8 |  8.0
Fighting       | 2 3 4 6 |  6.4
Transmutations | 4 6 |  6.0
Stealth        | |  1.7

Action                   |  1- 3 |  4- 6 |  7- 9 || total
-------------------------+-------+-------+-------++-------
Melee: Dagger            |    65 |   157 |   474 ||   696
       Tailslap          |     2 |    18 |    72 ||    92
       Kick              |       |     1 |       ||     1
       Headbutt          |       |       |     1 ||     1
 Cast: Freeze            |    31 |    55 |    56 ||   142
       Frozen Ramparts   |     1 |     7 |    14 ||    22
       Ozocubu's Armour  |       |     4 |     6 ||    10
       Beastly Appendage |       |     1 |       ||     1
 Stab: Sleeping          |       |     1 |     1 ||     2
Armor: Skin              |    19 |    68 |   130 ||   217
Dodge: Dodged            |    60 |   152 |   284 ||   496
